 Dungeon Crawl Stone Soup version 0.29-a0-834-g1e95ca9f62 (webtiles) character file.

Game seed: 14272892224419707882

22 purpskrrrp the Sneak (level 2, -2/13 HPs)
             Began as a Vine Stalker Enchanter on July 13, 2022.
             Slain by a worm (3 damage)
             ... on level 2 of the Dungeon.
             The game lasted 00:02:10 (1266 turns).

purpskrrrp the Sneak (Vine Stalker Enchanter)       Turns: 1266, Time: 00:02:10

Health: -2/13      AC:  2    Str: 10    XL:     2   Next: 91%
Magic:  0/6        EV: 12    Int: 15    God:
Gold:   57         SH:  0    Dex: 14    Spells: 6/6 levels left

rFire   . . .      SeeInvis +   d - +0 dagger (venom)
rCold   . . .      Faith    .   (no shield)
rNeg    . . .      Spirit   +   b - +0 robe
rPois   .          Reflect  .   (no helmet)
rElec   .          Harm     .   (no cloak)
rCorr   .          Rampage  .   (no gloves)
Will    .....                   (no boots)
Stlth   +++.......              (no amulet)
HPRegen 0.04/turn               i - ring of see invisible
MPRegen 0.10/turn               (no ring)

@: no status effects
A: fangs 2, magic shield, antimagic bite, no potion heal 2
a: no special abilities


You were on level 2 of the Dungeon.
You visited 1 branch of the dungeon, and saw 2 of its levels.

You collected 57 gold pieces.

Inventory:

Hand Weapons
 a - a +1 dagger
 d - a +0 dagger of venom (weapon)
Armour
 b - a +0 robe (worn)
Jewellery
 i - a ring of see invisible (left hand)
Potions
 c - 2 potions of invisibility
 f - a potion of haste {unknown}
 g - a potion of brilliance {unknown}
 h - a potion of attraction {unknown}


   Skills:
 * Level 1.1 Short Blades
 + Level 1.6 Dodging
 * Level 4.3 Stealth
 + Level 2.6 Spellcasting
 + Level 3.1 Hexes


You had 6 spell levels left.
You didn't know any spells.
Your spell library contained the following spells:

 Spells                   Type           Power      Damage    Failure   Level
 Ensorcelled Hibernation  Hex/Ice        12%        N/A       17%         2
 Confusing Touch          Hex            11%        N/A       17%         3
 Tukima's Dance           Hex            11%        N/A       17%         3
 Dazzling Flash           Conj/Hex       12%        N/A       32%         3
 Yara's Violent Unravell  Hex/Tmut       3%         3d4       97%         5
 Enfeeble                 Hex            5%         N/A       100%        7


Dungeon Overview and Level Annotations

Branches:
Dungeon (2/15)

Altars:


Innate Abilities, Weirdness & Mutations

You have extremely sharp teeth.
When hurt, damage is shared between your health and your magic reserves.
Your bite disrupts and absorbs the magic of your enemies.
Potions cannot restore your health.


Message History

The giant cockroach closely misses you. The giant cockroach barely misses you.
You hit the giant cockroach but do no damage.
The giant cockroach is moderately wounded.
You kill the giant cockroach!
You barely miss the quokka. The quokka completely misses you.
You closely miss the quokka. The quokka closely misses you.
You barely miss the quokka. The quokka barely misses you.
You hit the quokka but do no damage.
The quokka is poisoned.
Your bite misses the quokka. The quokka barely misses you.
The quokka bites you.
You completely miss the quokka. The quokka bites you.
You hit the quokka.
The quokka looks as sick as possible!
You bite the quokka. You drain its power.
You feel invigorated.
The quokka is severely wounded.
The quokka bites you.
You hit the quokka.
You kill the quokka!
You barely miss the worm. You bite the worm, but do no damage.
You hit the worm but do no damage.
The worm is poisoned.
You bite the worm, but do no damage. The worm bites you!
Ouch! That really hurt!
* * * LOW HITPOINT WARNING * * *
You are too injured to fight recklessly!
You are too injured to fight recklessly!
Magic courses through your body. The worm bites you.
* * * LOW HITPOINT WARNING * * *
You are too injured to fight recklessly!
You are too injured to fight recklessly!
You are too injured to fight recklessly!
You barely miss the worm. You hit the worm.
The worm looks as sick as possible!
The worm is lightly wounded.
The worm barely misses you.
You barely miss the worm. You bite the worm. You drain its power.
You feel invigorated.
The worm is lightly wounded.
You hit the worm. You bite the worm. You drain its power.
You feel invigorated.
The worm is moderately wounded.
The worm bites you!
You die...

.........#
#.#####
.........# #.#
###.###### #.#
....# ####.##
#.#.# #.....#
#.#.# #.....#
#.#.# #.....#
#.#.# #.....#
#†#.# ####@##
#.#..
......†.w......
#.###
.####.......##.
#.# #.......#
..# #.......#
#.#######
#.......#
#.......#
#.......#
#######.#
#.......#
#...#.#.#


You could see a worm (extremely poisoned).

Vanquished Creatures
  A ball python (D:2)
  An endoplasm (D:1)
  A giant cockroach (D:2)
  3 goblins
  A hobgoblin (D:1)
  2 jackals (D:1)
  2 kobolds
  A quokka (D:2)
  2 bats (D:1)
  4 frilled lizards
  3 rats (D:1)
21 creatures vanquished.

Notes
Turn   | Place    | Note
-------+----------+-------------------------------------------
     0 | D:1      | purpskrrrp the Vine Stalker Enchanter began the quest for
                  | the Orb.
     0 | D:1      | Reached XP level 1. HP: 9/9 MP: 4/4
   208 | D:1      | Reached XP level 2. HP: 6/13 MP: 4/6
   212 | D:1      | Reached skill level 4 in Stealth
  1243 | D:2      | Reached skill level 1 in Short Blades
  1266 | D:2      | Slain by a worm

Illustrated notes

Levels and vault maps discovered:
D:1:      dpeg_arrival_connections, layout_basic
D:2:      layout_basic, basic_altar, uniq_jessica, uniq_terence

Skill      XL: |  1  2 |
---------------+-------+-----
Stealth        | 4 |  4.3
Short Blades   | 1 |  1.1
Dodging        | |  1.6
Spellcasting   | |  2.6
Hexes          | |  3.1

Action                   || total
-------------------------++-------
Melee: Dagger            ||    67
       Bite              ||    14
       Punch             ||     1
  Use: Scroll            ||     2
       Potion            ||     1
 Stab: Sleeping          ||     4
Armor: Robe              ||    12
Dodge: Dodged            ||    37

Table legend: (Time is in decaauts)
 A = Elapsed time spent in this place.
 B = Non-inter-level travel time spent in this place.
 C = Inter-level travel time spent in this place.
 D = Time resting spent in this place.
 E = Time spent auto-exploring this place.
 F = Levels seen in this place.
 G = Mean time per level.
                   A        B        C        D        E       F      G
               +--------+--------+--------+--------+--------+-----+--------+
         Total |   1262 |   1252 |     10 |      0 |   1054 |   2 |  631.0 |
       Dungeon |   1262 |   1252 |     10 |      0 |   1054 |   2 |  631.0 |
               +--------+--------+--------+--------+--------+-----+--------+

Top non-repeatable levels by time:
     D:1: 1072 daAuts
     D:2: 190 daAuts
